 Dungeon Crawl Stone Soup version 0.31.0-7-gf635a9b802 (webtiles) character file.

Game seed: 9849652122021785534

234405 hikkokomori the Thaumaturge (level 19, -8/119 HPs)
             Began as a Gargoyle Alchemist on Jan 24, 2024.
             Was the Champion of Vehumet.
             Killed from afar by a salamander tyrant (21 damage)
             ... on level 3 of the Snake Pit.
             The game lasted 02:19:06 (30483 turns).

hikkokomori the Thaumaturge (Gargoyle Alchemist)   Turns: 30483, Time: 02:19:06

Health: -8/119     AC: 34    Str: 22    XL:     19   Next: 59%
Magic:  36/36      EV: 16    Int: 23    God:    Vehumet [******]
Gold:   1689       SH:  0    Dex: 17    Spells: 2/45 levels left

rFire   + + .        h - +4 quick blade "Killer Klown's Death" {flame, rF+ rC+}
rCold   + . .        X - orb of Ricloak {*Rage, Slay+3 Hexes}
rNeg    + . .        u - +1 robe of the Undertaker {rF+ Str+4 Archmagi}
rPois   ∞            v - +0 helmet "Qohaolirch" {rElec Will+ Regen+ SInv}
rElec   +            G - +1 cloak of Tenacity {Rampage Fly Int+2 Dex+5}
rCorr   .            T - +2 pair of gloves
SInv    +            W - +2 pair of boots of the Valley {Str+5}
Will    ++...        B - amulet of regeneration
Stlth   +++++        p - +4 ring of slaying
HPRegen 1.99/turn    z - ring of the Tortoise {AC+8}
MPRegen 0.25/turn

%: random rage (20%), rampage, archmagi
@: about to teleport, weakened, on berserk cooldown, flying
A: sickness immunity, AC +14, big wings, negative energy resistance 1,
electricity resistance, torment resistance 1, petrification resistance
}: 1/15 runes: barnacled
a: Renounce Religion


You were on level 3 of the Snake Pit.
You worshipped Vehumet.
Vehumet was exalted by your worship.
You visited 6 branches of the dungeon, and saw 30 of its levels.
You also visited: Bailey and Gauntlet.

You collected 4345 gold pieces.
You spent 2656 gold pieces at shops.

Inventory:

Hand Weapons
 h - the +4 quick blade "Killer Klown's Death" (weapon) {flame, rF+ rC+}
   (You acquired it on level 4 of the Dungeon)

   rF+:       It protects you from fire.
   rC+:       It protects you from cold.
 Y - the +6 arbalest "Damnation" {damnation}
   (You found it on level 14 of the Dungeon)
Missiles
 d - 3 throwing nets
Armour
 u - the +1 robe of the Undertaker (worn) {rF+ Str+4 Archmagi}
   (You found it on level 4 of the Dungeon)

   Str+4:     It affects your strength (+4).
   rF+:       It protects you from fire.
   Archmagi:  It increases the power of your magical spells.
 v - the +0 helmet "Qohaolirch" (worn) {rElec Will+ Regen+ SInv}
   (You found it on level 14 of the Dungeon)

   rElec:     It insulates you from electricity.
   Will+:     It increases your willpower.
   SInv:      It lets you see invisible.
   Regen+:    It increases your rate of health regeneration.
 G - the +1 cloak of Tenacity (worn) {Rampage Fly Int+2 Dex+5}
   (You found it on level 15 of the Dungeon)

   Int+2:     It affects your intelligence (+2).
   Dex+5:     It affects your dexterity (+5).
   Fly:       It grants you flight.
   Rampage:   It bestows one free step when moving towards enemies.
 S - the scarf of Buiqurri {+Inv, rC+ rN+}
   (You bought it in a shop on level 14 of the Dungeon)

   rC+:       It protects you from cold.
   rN+:       It protects you from negative energy.
 T - a +2 pair of gloves (worn)
 W - the +2 pair of boots of the Valley (worn) {Str+5}
   (You found it on level 4 of the Shoals)

   Str+5:     It affects your strength (+5).
 X - the orb of Ricloak (worn) {*Rage, Slay+3 Hexes}
   (You bought it in a shop on level 2 of the Orcish Mines)

   Slay+3:    It affects your accuracy & damage with ranged weapons and melee
   (+3).
   Hexes:     It increases the power of your Hexes spells.
Jewellery
 c - a ring of wizardry
 p - a +4 ring of slaying (left hand)
 z - the ring of the Tortoise (right hand) {AC+8}
   (You found it on level 6 of the Dungeon)

   [ring of protection]

   AC+8:      It affects your AC (+8).
 A - the ring "Qist" {rPois MP+9 Dex+2}
   (You found it in a Gauntlet)

   [ring of magical power]

   Dex+2:     It affects your dexterity (+2).
   rPois:     It protects you from poison MP+9: It affects your magic capacity
   (+9).
 B - an amulet of regeneration (around neck)
Wands
 a - a wand of digging (18)
 C - a wand of roots (26)
 E - a wand of charming (37)
 H - a wand of acid (14)
 J - a wand of flame (80)
 M - a wand of mindburst (3)
Scrolls
 e - 3 scrolls of immolation
 g - 19 scrolls of identify
 i - 5 scrolls of fear
 k - 2 scrolls of fog
 n - 3 scrolls of enchant armour
 r - 4 scrolls of vulnerability
 w - 17 scrolls of poison
 x - 3 scrolls of summoning
 F - 3 scrolls of blinking
 I - 6 scrolls of revelation
 N - 9 scrolls of enchant weapon
 P - 9 scrolls of teleportation
 Q - a scroll of amnesia
Potions
 b - 5 potions of magic
 j - 10 potions of heal wounds
 l - 4 potions of lignification
 m - 12 potions of curing
 o - 2 potions of ambrosia
 q - 4 potions of might
 t - 4 potions of invisibility
 D - 7 potions of haste
 K - a potion of resistance
 L - 2 potions of cancellation
 R - 5 potions of enlightenment
 U - a potion of mutation
 Z - 2 potions of brilliance
Miscellaneous
 f - a tin of tremorstones (1/2)
 s - a sack of spiders
 y - a phantom mirror (inert)
 O - a phial of floods
 V - a lightning rod (inert)


   Skills:
 - Level 13.0 Fighting
 - Level 10.8 Short Blades
 + Level 8.8 Ranged Weapons
 + Level 7.6 Dodging
 - Level 11.5 Stealth
 + Level 13.6 Spellcasting
 + Level 12.1 Conjurations
 - Level 6.9 Hexes
 - Level 4.4 Translocations
 + Level 10.2 Fire Magic
 - Level 2.7 Air Magic
 - Level 6.9 Earth Magic
 - Level 6.9 Alchemy
 - Level 7.1 Evocations


You had 2 spell levels left.
You knew the following spells:

 Your Spells              Type           Power      Damage    Failure   Level
a - Bombard               Conj/Erth      37%        9d6       3%          6
b - Starburst             Conj/Fire      39%        6d11      1%          6
c - Mephitic Cloud        Conj/Alch/Air  65%        N/A       1%          3
d - Olgreb's Toxic Radia  Alch           64%        N/A       1%          4
e - Swiftness             Air            42%        N/A       3%          3
f - Ensorcelled Hibernat  Hex/Ice        100%       N/A       1%          2
g - Passwall              Erth           63%        N/A       1%          3
h - Iskenderun's Mystic   Conj/Tloc      69%        2d14      1%          4
i - Inner Flame           Hex/Fire       89%        N/A       1%          3
j - Fireball              Conj/Fire      39%        3d16      1%          5
k - Vhi's Electric Charg  Tloc/Air       96%        N/A       9%          4

Your spell library contained the following spells:

 Spells                   Type           Power      Damage    Failure   Level
 Maxwell's Capacitive Co  Air            21%        ∞         100%        8
 Fire Storm               Conj/Fire      39%        8d10      100%        9
 Shatter                  Erth           31%        3d26*     100%        9
 Apportation              Tloc           100%       N/A       1%          1
 Freeze                   Ice            92%        1d9       1%          1
 Sting                    Conj/Alch      100%       1d9       1%          1
 Blink                    Tloc           100%       N/A       1%          2
 Lesser Beckoning         Tloc           100%       N/A       1%          2
 Mercury Vapours          Alch/Air       100%       N/A       1%          2
 Momentum Strike          Conj/Tloc      100%       3d10      1%          2
 Necrotise                Necr           92%        1d8       4%          1
 Summon Small Mammal      Summ           92%        N/A       4%          1
 Dazzling Flash           Conj/Hex       100%       N/A       1%          3
 Gell's Gravitas          Tloc           53%        N/A       1%          3
 Hailstorm                Conj/Ice       60%        3d11      1%          3
 Sigil of Binding         Hex            82%        N/A       1%          3
 Stone Arrow              Conj/Erth      100%       3d13      1%          3
 Teleport Other           Tloc           53%        N/A       1%          3
 Sticky Flame             Fire/Alch      70%        2d11      1%          4
 Arcjolt                  Conj/Air       33%        1d43      1%          5
 Iskenderun's Battlesphe  Conj           82%        2d13      1%          5
 Frozen Ramparts          Ice            46%        1d7       3%          3
 Dimensional Bullseye     Hex/Tloc       38%        N/A       3%          4
 Summon Blazeheart Golem  Fire/Summ      56%        N/A       4%          4
 Animate Armour           Summ/Erth      94%        N/A       10%         4
 Plasma Beam              Fire/Air       31%        2x1d44    11%         6
 Call Canine Familiar     Summ           23%        N/A       12%         3
 Vampiric Draining        Necr           23%        2d7       12%         3
 Silence                  Hex/Air        35%        N/A       14%         5
 Martyr's Knell           Necr/Summ      23%        N/A       36%         4
 Spellforged Servitor     Conj/Summ      30%        N/A       54%         7
 Dispersal                Tloc           26%        N/A       67%         6
 Curse of Agony           Necr           23%        N/A       73%         5
 Lehudib's Crystal Spear  Conj/Erth      37%        10d9      75%         8


Dungeon Overview and Level Annotations

Branches:
Dungeon (15/15)            Temple (1/1) D:7            Lair (5/5) D:9
 Shoals (4/4) Lair:2        Snake (3/4) Lair:2        Slime (0/5) Lair:4
    Orc (2/2) D:10            Elf (0/3) Orc:2        Vaults (0/5) D:13
 Depths (0/4) D:15         Bailey (visited)         Gauntlet (visited)

Altars:
Ashenzari
Cheibriados
Dithmenos
Elyvilon
Fedhas
Gozag
Hepliaklqana
Kikubaaqudgha
Makhleb
Nemelex Xobeh
Okawaru
Qazlal
Ru
Sif Muna
Trog
Uskayaw
Vehumet
Wu Jian
Xom
Yredelemnul
Zin
The Shining One
Jiyva

Shops:
D:1 (   D:14 [   Orc:1 [   Orc:2 **?[   Snake:1 [*(   Snake:2 ==*

Annotations:
D:3 1 runed translucent door, Laqueoixx's ghost, amateur OpSh


Innate Abilities, Weirdness & Mutations

You are immune to sickness and miasma.
Your stone body is resilient. (AC +14)
You are immune to poison.
Your large and strong wings let you fly.
You resist negative energy. (rN+)
You are resistant to electric shocks. (rElec)
You are resistant to unholy torment.
You are immune to petrification.


Message History

The bolt hits the salamander tyrant!
The salamander hits you but does no damage.
The salamander tyrant hits you but does no damage.
The nagaraja casts a spell at you. The poison arrow hits you.
The naga sharpshooter casts a spell.
The naga sharpshooter magically shoots a bolt.
The bolt hits you but does no damage.
Unknown command.
Unknown command.
Unknown command.
A naga comes into view. It is wielding a +0 mace.
You feel yourself speed up.
The naga sharpshooter shoots a bolt.
The bolt hits you!
* * * LOW HITPOINT WARNING * * *
The salamander attacks as it pursues you!
The salamander hits you from afar with a +0 halberd!
* * * LOW HITPOINT WARNING * * *
You are engulfed in flames.
You resist.
* * * LOW HITPOINT WARNING * * *
The naga sharpshooter spits poison at you.
The splash of poison misses you.
The splash of poison misses the salamander tyrant.
The naga sharpshooter casts a spell.
The naga sharpshooter magically shoots a bolt.
The bolt closely misses you. The nagaraja hits you with a +0 club.
* * * LOW HITPOINT WARNING * * *
The nagaraja grabs you. The nagaraja constricts you.
The salamander tyrant barely misses you.
Unknown command.
Unknown command.
Blink to where?
Press: ? - help, Dir - move target You escape the nagaraja's grasp.
A naga warrior comes into view. It is wielding a +0 war axe.
As you read the scroll of blinking, it crumbles to dust.
A naga comes into view.
It is wielding a +0 scimitar and wearing an orb of mayhem.
The salamander tyrant rends the earth beneath you!
The blast of magma engulfs you!! You partially resist.
You die...

#NN# ..# #NN## ##N..
#...### #.N. ##....# #..
. ##..#..### #.# ..
###...#..§N#####.####...
##..####...NN...).......
....# ##...)).≈.......#
...## ##....)#@.....#
...# ########≈.####
....# ..# #....# ..#
##....# ..# ##...# ..#
#... ... #<. ..^


You could see a nagaraja (fast), a naga warrior (wandering), a salamander
tyrant, a salamander and a naga.

Vanquished Creatures
  Nikola (Shoals:1)
  A kraken (Shoals:2)
  Polyphemus (Shoals:4)
  A tengu reaver (D:15)
  The ghost of Jase the End of an Era, an adept HOFi of Qazlal (Snake:2)
  A fire giant (D:15)
  An orc warlord (Orc:2)
  2 ettins
  A minotaur (Gauntlet)
  3 merfolk javelineers
  11 merfolk impalers
  2 fire dragons
  A salamander tyrant (Snake:3)
  An ice dragon (D:15)
  Fannar (Lair:1)
  A rakshasa (D:14)
  A vault guard (D:13)
  2 catoblepae
  A merfolk avatar (Shoals:3)
  5 hydras
  4 ogre magi (D:15)
  6 two-headed ogres
  A death knight (D:15)
  A dancing weapon (D:13)
  An anaconda (Snake:1)
  2 tengu warriors
  15 centaur warriors
  5 boulder beetles (D:15)
  17 death yaks
  4 orc high priests (Orc:2)
  A satyr (Shoals:2)
  11 naga warriors
  Urug (Lair:2)
  A naga sharpshooter (Snake:1)
  3 shock serpents (Snake:1)
  An occultist (D:15)
  A fire crab (Gauntlet)
  3 salamander mystics
  2 skysharks
  A deep troll (D:15)
  2 naga ritualists (Snake:2)
  16 sea snakes
  3 mana vipers
  3 lindwurms
  A glowing orange brain (shapeshifter) (D:15)
  A phantasmal warrior (D:15)
  An arcanist (D:14)
  7 orc knights
  An orange crystal statue (Gauntlet)
  4 deep elf pyromancers
  Pikel (D:8)
  13 harpies
  2 wolf spiders (D:15)
  7 orc sorcerers
  24 ugly things
  12 salamanders
  13 fauns
  13 cyclopes
  18 manticores
  A moth of wrath (Snake:2)
  2 meliai (D:15)
  3 naga magi (Snake:2)
  4 kobold blastminers (Orc:2)
  18 black mambas
  5 elephants
  8 merfolk sirens
  3 water nymphs
  Joseph (Lair:1)
  A guardian serpent (Snake:2)
  12 cane toads
  A gargoyle (D:12)
  Jeremiah (D:8)
  2 freezing wraiths (D:15)
  An unseen horror (D:11)
  Maggie (D:7)
  3 rime drakes
  4 efreet
  A kobold demonologist (Bailey)
  2 tengu conjurers (D:15)
  3 yaktaurs (D:15)
  Psyche (D:8)
  A yaktaur (shapeshifter) (D:15)
  7 komodo dragons
  26 merfolk
  7 trolls
  6 wind drakes
  5 polar bears
  Grinder (D:6)
  Prince Ribbit (D:8)
  15 dream sheep
  A tarantella (shapeshifter) (D:15)
  2 hornets
  10 blink frogs
  6 snapping turtles
  A centaur simulacrum (D:15)
  12 slime creatures
  10 water elementals
  5 wyverns
  37 yaks
  6 wraiths
  6 basilisks
  5 fire bats (Gauntlet)
  5 steam dragons
  3 wargs
  13 vampire mosquitoes
  19 nagas
  11 water moccasins
  3 acid dragons
  3 hell hounds (Gauntlet)
  Duvessa (D:4)
  2 swamp drakes (Lair:5)
  A sky beast (D:7)
  2 black bears
  60 orc warriors
  2 boggarts (D:15)
  An ice beast (D:7)
  12 ogres
  4 wolves
  19 centaurs
  A lemure (D:8)
  A phantom (D:4)
  7 bullfrogs
  A gnoll sergeant (D:5)
  4 scorpions
  4 wights (D:8)
  Dowan (D:4)
  2 killer bees (D:9)
  3 howler monkeys
  A howler monkey (shapeshifter) (D:15)
  9 electric eels
  2 gnoll boudas
  26 orc priests
  4 hounds
  4 iguanas
  21 orc wizards
  30 gnolls
  10 adders
  A white imp (D:6)
  2 ufetubi (D:6)
  5 ribbon worms
  5 dart slugs
  115 orcs
  7 endoplasms
  5 giant cockroaches
  21 hobgoblins
  7 jackals (D:4)
  7 kobolds
  3 quokkas
  9 ball pythons
  4 bats
  3 frilled lizards
  17 goblins
  A rat (D:2)
  2 butterflies (Lair:2)
  A tentacle (Shoals:2)
1017 creatures vanquished.

Vanquished Creatures (collateral kills)
  Mlioglotl (Snake:3)
  A naga warrior (Snake:2)
  A tengu warrior (D:15)
  A skeletal warrior (D:15)
  A swamp dragon (Lair:5)
  An ugly thing (D:15)
  2 salamanders (Snake:2)
  A killer bee (D:9)
9 creatures vanquished.

Vanquished Creatures (others)
  A kobold blastminer (Orc:2)
  A cane toad (Lair:1)
  A sky beast (D:5)
  4 starspawn tentacles (Snake:3)
  7 tentacles (Shoals:2)
14 creatures vanquished.

Grand Total: 1040 creatures vanquished

Notes
Turn   | Place    | Note
-------+----------+-------------------------------------------
     0 | D:1      | hikkokomori the Gargoyle Alchemist began the quest for the
                  | Orb.
     0 | D:1      | Reached XP level 1. HP: 10/10 MP: 3/3
   238 | D:1      | Reached skill level 1 in Fighting
   307 | D:1      | Reached XP level 2. HP: 15/16 MP: 1/5
   421 | D:1      | Found Fomo's Weapon Boutique.
   883 | D:1      | Reached XP level 3. HP: 21/21 MP: 2/6
   969 | D:1      | Learned a level 2 spell: Mercury Vapours
   973 | D:1      | Learned a level 3 spell: Mephitic Cloud
  1742 | D:2      | Reached XP level 4. HP: 26/26 MP: 0/7
  2363 | D:3      | Found a runed translucent door.
  2376 | D:3      | Noticed Laqueoixx's ghost (amateur OpSh)
  2545 | D:3      | Reached skill level 1 in Air Magic
  2684 | D:3      | Reached XP level 5. HP: 29/31 MP: 3/8
  3719 | D:4      | Reached XP level 6. HP: 34/36 MP: 4/10
  3782 | D:4      | Learned a level 4 spell: Olgreb's Toxic Radiance
  3820 | D:4      | Identified the +1 spear of the Magi {vamp, Dex+5}
  3887 | D:4      | Noticed Duvessa
  3889 | D:4      | Noticed Dowan
  3897 | D:4      | Killed Dowan
  3915 | D:4      | Killed Duvessa
  4234 | D:4      | Reached XP level 7. HP: 22/40 MP: 11/11
  4238 | D:4      | Identified a scroll of acquirement
  4239 | D:4      | Acquired the +4 quick blade "Killer Klown's Death" {flame,
                  | rF+ rC+}
  4527 | D:4      | Reached skill level 1 in Short Blades
  4610 | D:4      | Identified the +1 robe of the Undertaker {rF+ Str+4
                  | Archmagi}
  4813 | D:5      | Entered Level 5 of the Dungeon
  4911 | D:5      | Reached XP level 8. HP: 5/45 MP: 1/13
  5236 | D:5      | Noticed a two-headed ogre
  5257 | D:5      | Killed a two-headed ogre
  5258 | D:5      | Reached skill level 5 in Alchemy
  5258 | D:5      | Reached XP level 9. HP: 8/52 MP: 3/16
  5708 | D:5      | Reached skill level 5 in Spellcasting
  6041 | D:5      | Found a shimmering altar of Xom.
  6113 | D:6      | Reached skill level 5 in Stealth
  6163 | D:6      | Found a burning altar of Makhleb.
  6180 | D:6      | You fall into a shaft and drop 1 floor!
  6272 | D:6      | Noticed Grinder
  6289 | D:6      | Paralysed by Grinder for 3 turns
  6300 | D:6      | Killed Grinder
  6301 | D:6      | Reached skill level 5 in Fighting
  6382 | D:6      | Found a radiant altar of Vehumet.
  6385 | D:6      | Found an ornate altar of the Wu Jian Council.
  6389 | D:6      | Became a worshipper of Vehumet
  6414 | D:6      | Learned a level 3 spell: Swiftness
  6417 | D:6      | Learned a level 2 spell: Ensorcelled Hibernation
  6863 | D:6      | Found the ring of the Tortoise {AC+8}
  7176 | D:7      | Reached skill level 1 in Hexes
  7361 | D:7      | Found a staircase to the Ecumenical Temple.
  7467 | Temple   | Entered the Ecumenical Temple
  7643 | D:7      | Reached XP level 10. HP: 60/60 MP: 18/18
  7796 | D:7      | Noticed Maggie
  7807 | D:7      | Learned a level 3 spell: Passwall
  7813 | D:7      | Killed Maggie
  8291 | D:8      | Reached * piety under Vehumet
  8291 | D:8      | Offered knowledge of Freeze by Vehumet.
  8308 | D:8      | Noticed Psyche
  8323 | D:8      | Killed Psyche
  8330 | D:8      | Noticed Jeremiah
  8352 | D:8      | Killed Jeremiah
  8353 | D:8      | Reached skill level 5 in Short Blades
  8769 | D:8      | Noticed Prince Ribbit
  8816 | D:8      | Noticed Pikel
  8826 | D:8      | Killed Prince Ribbit
  8831 | D:8      | Killed Pikel
  8832 | D:8      | Reached skill level 1 in Evocations
  9496 | D:9      | Found a staircase to the Lair.
  9749 | D:9      | Found a flagged portal.
  9754 | D:9      | Reached XP level 11. HP: 64/67 MP: 10/21
  9760 | Bailey   | Entered a bailey
  9864 | Bailey   | Reached ** piety under Vehumet
  9864 | Bailey   | Offered knowledge of Momentum Strike by Vehumet.
  9886 | Bailey   | Noticed an orc sorcerer
  9899 | Bailey   | Killed an orc sorcerer
 10209 | Bailey   | Found an iron altar of Okawaru.
 10218 | Bailey   | Offered knowledge of Frozen Ramparts by Vehumet.
 10268 | Bailey   | Identified the +9 orcbow of Infinite Pain {flame, Fly
                  | Dex+3}
 10815 | D:9      | Found a blossoming altar of Fedhas.
 10955 | D:10     | Entered Level 10 of the Dungeon
 11003 | D:10     | Reached *** piety under Vehumet
 11604 | D:10     | Found a staircase to the Orcish Mines.
 11638 | Orc:1    | Entered Level 1 of the Orcish Mines
 11641 | Orc:1    | Noticed an orc sorcerer
 11642 | Orc:1    | Noticed an ettin
 11650 | D:10     | Offered knowledge of Iskenderun's Mystic Blast by Vehumet.
 11657 | D:10     | Learned a level 4 spell: Iskenderun's Mystic Blast
 11714 | D:10     | Killed an ettin
 11838 | Orc:1    | Killed an orc sorcerer
 12131 | Orc:1    | Found a burning altar of Makhleb.
 12219 | Orc:1    | Found Hays's Armour Shoppe.
 12222 | Orc:1    | Bought a +0 cloak for 49 gold pieces
 12222 | Orc:1    | Bought a +2 pair of gloves for 181 gold pieces
 12357 | Orc:2    | Entered Level 2 of the Orcish Mines
 12364 | Orc:2    | Reached **** piety under Vehumet
 12395 | Orc:2    | Reached XP level 12. HP: 56/75 MP: 14/23
 12407 | Orc:2    | Offered knowledge of Inner Flame by Vehumet.
 12463 | Orc:2    | Learned a level 3 spell: Inner Flame
 12652 | Orc:2    | Noticed a two-headed ogre
 12658 | Orc:2    | Killed a two-headed ogre
 12833 | Orc:2    | Reached ***** piety under Vehumet
 12872 | Orc:2    | Offered knowledge of Plasma Beam by Vehumet.
 12951 | Orc:2    | Found a staircase to the Elven Halls.
 13007 | Orc:2    | Noticed a soul eater
 13144 | Orc:2    | Noticed an orc high priest
 13157 | Orc:2    | Killed an orc high priest
 13196 | Orc:2    | Noticed an orc warlord
 13231 | Orc:2    | Killed an orc warlord
 13313 | Orc:2    | Noticed an orc high priest
 13323 | Orc:2    | Found Nackonoe's Armour Shoppe.
 13324 | Orc:2    | Killed an orc high priest
 13367 | Orc:2    | Noticed an orc high priest
 13393 | Orc:2    | Killed an orc high priest
 13394 | Orc:2    | Reached skill level 5 in Hexes
 13460 | Orc:2    | Noticed an orc high priest
 13470 | Orc:2    | Killed an orc high priest
 13508 | Orc:2    | Found Lenosef's Magic Scroll Emporium.
 13526 | Orc:2    | Bought a scroll of fear for 56 gold pieces
 13526 | Orc:2    | Bought a scroll of teleportation for 42 gold pieces
 13526 | Orc:2    | Bought a scroll of revelation for 105 gold pieces
 13554 | Orc:2    | Bought a +2 pair of boots for 264 gold pieces
 13696 | Orc:2    | Found Hut Xae's Assorted Antiques.
 13701 | Orc:2    | Reached skill level 10 in Fighting
 13701 | Orc:2    | Reached XP level 13. HP: 82/82 MP: 20/26
 13735 | Orc:2    | Found Sopraps's Assorted Antiques.
 14428 | Orc:2    | Acquired 965 gold pieces
 14430 | Orc:2    | Bought a fizzy yellow potion for 27 gold pieces
 14430 | Orc:2    | Bought a pitted orb for 434 gold pieces
 14430 | Orc:2    | Identified the orb of Ricloak {*Rage, Slay+3 Hexes} (You
                  | bought it in a shop on level 2 of the Orcish Mines)
 14430 | Orc:2    | Bought a faintly glowing longbow for 356 gold pieces
 14430 | Orc:2    | Identified the +4 longbow of Jiat {heavy, rN+ Int+4} (You
                  | bought it in a shop on level 2 of the Orcish Mines)
 14446 | Orc:2    | Bought a potion of heal wounds for 140 gold pieces
 14446 | Orc:2    | Bought a potion of curing for 84 gold pieces
 14446 | Orc:2    | Bought a scroll of identify for 56 gold pieces
 14503 | Orc:2    | Bought a scroll of identify for 28 gold pieces
 14503 | Orc:2    | Bought a scroll of identify for 28 gold pieces
 14503 | Orc:2    | Bought a scroll of revelation for 105 gold pieces
 14503 | Orc:2    | Bought a scroll of fear for 56 gold pieces
 14503 | Orc:2    | Bought a scroll of enchant armour for 105 gold pieces
 14647 | Lair:1   | Entered Level 1 of the Lair of Beasts
 14802 | Lair:1   | Offered knowledge of Fireball by Vehumet.
 14904 | Lair:1   | Noticed Fannar
 14912 | Lair:1   | Reached skill level 10 in Stealth
 14916 | Lair:1   | Killed Fannar
 15348 | Lair:1   | Noticed Joseph
 15357 | Lair:1   | Killed Joseph
 15558 | Lair:2   | Noticed Urug
 15576 | Lair:2   | Killed Urug
 15710 | Lair:2   | Found a staircase to the Shoals.
 15756 | Lair:2   | Learned a level 5 spell: Fireball
 15826 | Lair:2   | Found a staircase to the Snake Pit.
 15960 | Lair:2   | Reached skill level 10 in Spellcasting
 16138 | Lair:2   | Gained mutation: Your large and strong wings let you fly.
                  | [Gargoyle growth]
 16138 | Lair:2   | Reached XP level 14. HP: 84/90 MP: 28/28
 16314 | Lair:3   | Reached skill level 1 in Fire Magic
 16420 | Lair:3   | Offered knowledge of Iskenderun's Battlesphere by Vehumet.
 16835 | Lair:3   | Reached skill level 5 in Conjurations
 17594 | Lair:4   | Found a gate leading to a gauntlet.
 17604 | Gauntlet | Entered a Gauntlet
 17604 | Gauntlet | Found a transporter.
 17607 | Gauntlet | Found a transporter.
 17615 | Gauntlet | Found a transporter.
 17616 | Gauntlet | Found a transporter.
 17621 | Gauntlet | Found a transporter.
 17621 | Gauntlet | Found a transporter.
 17643 | Gauntlet | Found a transporter.
 17650 | Gauntlet | Found a transporter.
 17731 | Gauntlet | Identified the ring "Qist" {rPois MP+9 Dex+2}
 17805 | Gauntlet | Identified the +1 helmet "Hiuvolan" {rN+}
 17840 | Gauntlet | Identified the +7 orcbow "Zupetil" {flame, rF+}
 18007 | Lair:4   | Reached skill level 10 in Short Blades
 18177 | Lair:4   | Found a staircase to the Slime Pits.
 18177 | Lair:4   | Found a viscous altar of Jiyva.
 18636 | Lair:5   | Entered Level 5 of the Lair of Beasts
 18852 | Lair:5   | Reached XP level 15. HP: 96/96 MP: 29/29
 18963 | Lair:5   | Found the +7 Throatcutter {drain, coup de grace}
 19159 | Lair:5   | Offered knowledge of Spellforged Servitor by Vehumet.
 19415 | Lair:5   | Learned a level 7 spell: Spellforged Servitor
 19672 | D:11     | Found a hide-covered altar of Uskayaw.
 20289 | D:12     | Reached skill level 5 in Fire Magic
 21404 | D:13     | Found a gate to the Vaults.
 21756 | D:14     | Found a shadowy altar of Dithmenos.
 21789 | D:14     | Reached skill level 5 in Evocations
 21862 | D:14     | Identified the +0 helmet "Qohaolirch" {rElec Will+ Regen+
                  | SInv}
 22105 | D:14     | Found Riutez's Antique Armour Shoppe.
 22146 | D:14     | Bought a dazzling scarf for 280 gold pieces
 22146 | D:14     | Identified the scarf of Buiqurri {+Inv, rC+ rN+} (You
                  | bought it in a shop on level 14 of the Dungeon)
 22302 | D:14     | Found the +6 arbalest "Damnation" {damnation}
 22784 | D:15     | Entered Level 15 of the Dungeon
 22922 | D:15     | Reached skill level 1 in Translocations
 23009 | D:15     | Reached skill level 1 in Ranged Weapons
 23046 | D:15     | Found a sparkling altar of Nemelex Xobeh.
 23046 | D:15     | Found a sparkling altar of Nemelex Xobeh.
 23047 | D:15     | Found a white marble altar of Elyvilon.
 23068 | D:15     | Reached XP level 16. HP: 104/104 MP: 31/31
 23153 | D:15     | Reached ****** piety under Vehumet
 23301 | D:15     | Offered knowledge of Ozocubu's Refrigeration by Vehumet.
 23333 | D:15     | Identified the +1 cloak of Tenacity {Rampage Fly Int+2
                  | Dex+5}
 23682 | D:15     | Noticed a tengu reaver
 23771 | D:15     | Killed a tengu reaver
 23840 | D:15     | Identified the +0 leather armour of Equedipt {rPois Will+
                  | MP+9 Int-5}
 24148 | D:15     | Found a staircase to the Depths.
 24470 | Shoals:1 | Entered Level 1 of the Shoals
 24474 | Shoals:1 | Noticed Nikola
 24531 | Shoals:1 | Killed Nikola
 24600 | Shoals:1 | Learned a level 6 spell: Bombard
 24635 | Shoals:1 | Offered knowledge of Starburst by Vehumet.
 24638 | Shoals:1 | Reached skill level 1 in Earth Magic
 24645 | Shoals:1 | Learned a level 6 spell: Starburst
 24702 | Shoals:1 | Reached XP level 17. HP: 108/108 MP: 33/33
 24955 | Shoals:1 | Reached skill level 5 in Ranged Weapons
 24976 | Shoals:1 | Identified the +5 ring mail of Jimoz {Int+7}
 25296 | Shoals:2 | Reached skill level 10 in Conjurations
 25426 | Shoals:2 | Reached skill level 5 in Dodging
 25693 | Shoals:2 | Noticed a kraken
 25716 | Shoals:2 | Killed a kraken
 25871 | Shoals:2 | Reached skill level 5 in Earth Magic
 25871 | Shoals:2 | Reached XP level 18. HP: 114/114 MP: 34/34
 26390 | Shoals:3 | Offered knowledge of Conjure Ball Lightning by Vehumet.
 27161 | Shoals:4 | Entered Level 4 of the Shoals
 27180 | Shoals:4 | Identified the +2 pair of boots of the Valley {Str+5}
 27410 | Shoals:4 | Got a barnacled rune of Zot
 27814 | Shoals:4 | Reached XP level 19. HP: 119/119 MP: 36/36
 27934 | Shoals:4 | Noticed Polyphemus
 27941 | Shoals:4 | Offered knowledge of Fire Storm by Vehumet.
 27941 | Shoals:4 | Offered knowledge of Shatter by Vehumet.
 27941 | Shoals:4 | Offered knowledge of Maxwell's Capacitive Coupling by
                  | Vehumet.
 27945 | Shoals:4 | Killed Polyphemus
 28050 | Shoals:4 | Identified the +1 robe of the Apprentice {+Inv rElec rF+
                  | rC+}
 28196 | Snake:1  | Entered Level 1 of the Snake Pit
 28618 | Snake:1  | Found Pesiss's Specialty Armours.
 28626 | Snake:1  | Found a hide-covered altar of Uskayaw.
 28837 | Snake:1  | Found Ohuth's Weapon Emporium.
 28837 | Snake:1  | Found Qomu's General Store.
 28856 | Snake:1  | Learned a level 4 spell: Vhi's Electric Charge
 29923 | Snake:2  | Found Ygucko's Jewellery Shoppe.
 29925 | Snake:2  | Found Telirph's Jewellery Emporium.
 29927 | Snake:2  | Found Valia's General Store.
 29937 | Snake:2  | Bought a potion of enlightenment for 100 gold pieces
 29937 | Snake:2  | Bought a potion of cancellation for 160 gold pieces
 30030 | Snake:2  | Found a transporter.
 30033 | Snake:2  | Found a bloodstained altar of Trog.
 30033 | Snake:2  | Noticed Jase's ghost (adept HOFi)
 30051 | Snake:2  | Found a transporter.
 30188 | Snake:2  | Reached skill level 10 in Fire Magic
 30273 | Snake:2  | Killed Jase's ghost
 30435 | Snake:3  | Noticed Mlioglotl
 30452 | Snake:3  | Killed Mlioglotl
 30483 | Snake:3  | Killed from afar by a salamander tyrant

Illustrated notes

Levels and vault maps discovered:
D:1:      minmay_arrival_arboretum_small, layout_basic, serial_shops, shop
D:2:      layout_rooms
D:3:      layout_basic, hellmonk_ghost_happy_afterlife, serial_park_tiny_pond
D:4:      minmay_clustersquares, layout_loops_ring, uniq_duvessa
D:5:      layout_basic, marbit_many_paths, st_stairs_2
D:6:      layout_loops_ring, mainiacjoe_overflow_surrounded_room,
          nicolae_overflow_squiral, minmay_microvault, uniq_grinder
D:7:      layout_loops_ring, minmay_temple_entry_mini_moons,
          serial_co_window_serial, co_window_paths_b, co_window_paths_a,
          co_window_paths_a, co_window_paths_a, co_window_paths_a,
          co_window_paths_b, co_window_corner_a, co_window_paths_b,
          co_window_paths_b, co_window_broadway_c, co_window_unsneaky_path_c,
          co_window_broadway_c, co_window_corner_cb, co_window_of_opportunity_c,
          co_window_cross_3, glass_columns_a, glass_columns_b, glass_columns_b,
          uniq_maggie
D:8:      layout_basic, uniq_psyche, uniq_jeremiah, uniq_prince_ribbit1,
          uniq_pikel
D:9:      layout_basic, mainiacjoe_overflow_alcove_1, dpeg_oklobed_lair,
          enter_bailey_6
D:10:     layout_roguey, erik_orc_2
D:11:     layout_basic, dancing_weapons_uskayaw
D:12:     layout_loops_ring
D:13:     layout_long_grid, erik_vaults_1
D:14:     layout_cave_pods, serial_shops, nicolae_shop_pleasant_corner_grove,
          grunt_dithmenos_smoke_and_mirrors
D:15:     hangedman_slaughterboxes
Temple:   nicolae_temple_bog_church
Lair:1:   layout_regular_city, patterned_corridor, infiniplex_staircase_pool,
          uniq_fannar, uniq_joseph
Lair:2:   layout_chaotic_city, minmay_shoals_entry_lonely_mermaid,
          nicolae_snake_entry_squirm, serial_bayou_shore_a, lemuel_fruit_fields,
          uniq_urug
Lair:3:   layout_chaotic_city, minmay_shattered_shrine, serial_bayou_shore_b
Lair:4:   layout_regular_city, slime_entry_1, gauntlet_entry_generic,
          dreamdust_mushroom_princess, beast_lair_carwin_5
Lair:5:   guppyfry_lair_end_dragon, layout_cave_shapes
Shoals:1: layout_shoals, uniq_nikola
Shoals:2: layout_shoals, nicolae_shoals_water_elemental_grotto
Shoals:3: layout_shoals, centaur_isle
Shoals:4: shoals_end_simple, layout_shoals, uniq_polyphemus
Snake:1:  layout_chambers, basic_altar, nicolae_barding_shop,
          grunt_megastairs_5, minmay_shoptagon
Snake:2:  layout_onion_interference, gammafunk_ghost_wrathful_warriors,
          grunt_megastairs_3, minmay_shop_star
Snake:3:  nicolae_snake_shooting_gallery, layout_concentric_octagons,
          uniq_mlioglotl, uniq_roxanne
Orc:1:    layout_caves, serial_shops, nicolae_shop_real_fake_doors,
          lemuel_statue_altar, bloody_makhleb
Orc:2:    pubby_orc_utopia

Skill      XL: |  1  2  3  4  5  6  7  8  9 10 11 12 13 14 15 16 17 18 19 |
---------------+----------------------------------------------------------+-----
Fighting       | 1 2 4 5 7 8 10 11 12 13 | 13.0
Alchemy        | 3 4 5 6 |  6.9
Conjurations   | 2 3 4 6 8 9 10 11 12 | 12.1
Air Magic      | 1 2 |  2.7
Spellcasting   | 3 4 5 6 7 9 10 11 12 13 | 13.6
Short Blades   | 1 3 4 5 6 8 9 10 | 10.8
Stealth        | 4 6 9 10 11 | 11.5
Hexes          | 1 3 4 5 6 |  6.9
Dodging        | 2 4 5 6 7 |  7.6
Evocations     | 2 3 5 7 |  7.1
Fire Magic     | 4 6 7 8 9 10 | 10.2
Translocations | 1 4 |  4.4
Ranged Weapons | 1 4 6 7 8 |  8.8
Earth Magic    | 1 5 6 |  6.9

Action                     |  1- 3 |  4- 6 |  7- 9 | 10-12 | 13-15 | 16-18 | 19-21 || total
---------------------------+-------+-------+-------+-------+-------+-------+-------++-------
  Melee: Staff             |    46 |    42 |       |       |       |       |       ||    88
         Spear             |       |    71 |       |       |       |       |       ||    71
         Flail             |       |    10 |       |       |       |       |       ||    10
         Punch             |       |     1 |     6 |     5 |     4 |     1 |     5 ||    22
         Quick blade       |       |       |   343 |   776 |  1216 |   809 |   382 ||  3526
   Fire: Orcbow            |       |       |       |    75 |       |       |       ||    75
         Arbalest          |       |       |       |       |    27 |   231 |    24 ||   282
   Cast: Sting             |    68 |    91 |     1 |     3 |       |       |       ||   163
         Mercury Vapours   |       |    12 |     8 |     2 |     2 |       |       ||    24
         Mephitic Cloud    |       |     1 |    13 |    35 |    27 |    19 |     3 ||    98
         Olgreb's Toxic Ra |       |       |     4 |    55 |    48 |    35 |     4 ||   146
         Ensorcelled Hiber |       |       |       |    27 |    29 |     3 |     6 ||    65
         Passwall          |       |       |       |     1 |       |       |     1 ||     2
         Swiftness         |       |       |       |     2 |     2 |     1 |       ||     5
         Iskenderun's Myst |       |       |       |     1 |     3 |       |       ||     4
         Inner Flame       |       |       |       |       |     6 |       |     4 ||    10
         Fireball          |       |       |       |       |    24 |    19 |       ||    43
         Starburst         |       |       |       |       |       |    23 |    13 ||    36
         Bombard           |       |       |       |       |       |     1 |     2 ||     3
  Evoke: Wand              |       |       |       |     2 |     2 |       |       ||     4
         Lightning rod     |       |       |       |       |     3 |       |     4 ||     7
         Sack of spiders   |       |       |       |       |     1 |     1 |       ||     2
         Phantom mirror    |       |       |       |       |     1 |       |     1 ||     2
         Tin of tremorston |       |       |       |       |       |       |     1 ||     1
    Use: Scroll            |       |    13 |     4 |     8 |    11 |     2 |     4 ||    42
         Potion            |       |     1 |     1 |       |       |     1 |     1 ||     4
   Stab: Confused          |       |     2 |    14 |    33 |    38 |    35 |     1 ||   123
         Sleeping          |       |       |     7 |    27 |    31 |     9 |    14 ||    88
         Distracted        |       |       |       |       |       |     2 |     1 ||     3
         Petrified         |       |       |       |       |       |     1 |       ||     1
 Armour: Leather armour    |    34 |   113 |    33 |       |       |       |       ||   180
         Robe              |     5 |       |    97 |   316 |   533 |   616 |   173 ||  1740
  Dodge: Dodged            |    44 |   101 |   102 |   244 |   352 |   382 |   114 ||  1339
